 Dungeon Crawl Stone Soup version 0.28-a0-512-g960c72b710 (webtiles) character file.

Game seed: 2930132335837802602

1817 Lekart the Slasher (level 8, -11/70 HPs)
             Began as a Pale Draconian Cinder Acolyte on Sept 22, 2021.
             Was a Believer of Ignis.
             Mangled by Harold (18 damage)
             ... on level 7 of the Dungeon.
             The game lasted 00:08:34 (7361 turns).

Lekart the Slasher (Pale Draconian Cinder Acolyte)  Turns: 7361, Time: 00:08:35

Health: -11/70     AC:  7    Str: 18    XL:     8   Next: 85%
Magic:  9/9        EV: 14    Int: 14    God:    Ignis [**....]
Gold:   883        SH:  0    Dex: 14    Spells: 9/9 levels left

rFire   + . .      SeeInvis .   v - +4 war axe (vorpal)
rCold   . . .      Faith    .   (no shield)
rNeg    . . .      Spirit   .   (armour unavailable)
rPois   .          Reflect  .   (helmet restricted)
rElec   .          Harm     .   u - +0 cloak
rCorr   .          Rampage  .   (no gloves)
Will    .....                   (no boots)
Stlth   +.........              y - amulet of regeneration
HPRegen 1.21/turn               k - +6 ring of dexterity
MPRegen 0.11/turn               (no ring)

@: no status effects
A: breathe steam, AC +6, unfitting armour, cold-blooded, steam resistance
a: Breathe Steam, Renounce Religion, Sea of Fire, Foxfire Swarm, Rising Flame


You were on level 7 of the Dungeon.
You worshipped Ignis.
Ignis was pleased with you.
You visited 1 branch of the dungeon, and saw 7 of its levels.
You also visited: Sewer.

You collected 1209 gold pieces.
You spent 326 gold pieces at shops.

Inventory:

Hand Weapons
 a - a -1 falchion of flaming
 n - a +1 short sword of venom
 v - a +4 vorpal war axe (weapon)
Armour
 u - a +0 cloak (worn)
Jewellery
 d - a ring of fire
 i - an amulet of magic regeneration
 k - a +6 ring of dexterity (left hand)
 l - an amulet of faith
 r - a ring of wizardry
 x - a ring of ice
 y - an amulet of regeneration (around neck)
 B - an amulet of reflection
 D - a ring of magical power
Wands
 o - a wand of acid (9)
 p - a wand of flame (4)
 t - a wand of digging (7)
 C - a wand of mindburst (10)
Scrolls
 b - 3 scrolls of magic mapping
 e - 4 scrolls of amnesia
 f - a scroll of enchant armour {unknown}
 g - a scroll of fear
 h - 3 scrolls of teleportation
 j - 3 scrolls of noise
 s - 3 scrolls of identify
 w - 2 scrolls of vulnerability {unknown}
Potions
 c - 2 potions of might
 m - 2 potions of degeneration {unknown}
 q - 2 potions of magic {unknown}
 z - 2 potions of curing {unknown}
 A - a potion of invisibility {unknown}


   Skills:
 + Level 6.3 Fighting
 + Level 6.7 Long Blades
 + Level 5.8 Axes
 + Level 4.7 Dodging
 + Level 1.0 Spellcasting
 + Level 3.7 Fire Magic
 + Level 1.5 Evocations


You had 9 spell levels left.
You didn't know any spells.
Your spell library contained the following spells:

 Spells                   Type           Power      Damage    Failure   Level
 Scorch                   Fire           22%        2d6       9%          2
 Passwall                 Tmut/Erth      0%         N/A       36%         2
 Gell's Gravitas          Tloc           0%         N/A       61%         3
 Summon Guardian Golem    Hex/Summ       0%         N/A       61%         3
 Swiftness                Air            0%         N/A       61%         3
 Teleport Other           Tloc           0%         N/A       61%         3
 Dispersal                Tloc           0%         N/A       100%        6
 Invisibility             Hex            0%         N/A       100%        6
 Orb of Destruction       Conj           0%         N/A       100%        7
 Spellforged Servitor     Conj/Summ      0%         N/A       100%        7


Dungeon Overview and Level Annotations

Branches:
Dungeon (7/15)             Temple (0/1) D:5           Sewer (visited)

Altars:

Shops:
D:3 !   D:5 *

Annotations:
D:3 Xplodonator's ghost, amateur MiBe
D:7 Harold


Innate Abilities, Weirdness & Mutations

You can breathe blasts of scalding, opaque steam.
Your pale cyan-grey scales are hard. (AC +6)
You cannot fit into any form of body armour.
You are cold-blooded and may be slowed by cold attacks.
You are immune to the effects of steam.


Message History

You hit Harold but do no damage.
Your tail-slap misses Harold.
Harold hits you with a +0 halberd!
You hit Harold. You tail-slap Harold, but do no damage.
Harold is lightly wounded.
Harold misses you.
You hit Harold. You tail-slap Harold.
Harold is moderately wounded.
Harold closely misses you.
Press: ? - help, Shift-Dir - straight line, f - Harold
Aim: Harold, wielding a +0 halberd, wearing a +0 scale mail and quivering a throwing net (moderately wounded)
You exhale a blast of scalding steam.
The ball of steam hits Harold!
Harold is moderately wounded.
Harold is engulfed in a cloud of scalding steam.
Harold hits you with a +0 halberd!
You are too injured to fight recklessly!
You are too injured to fight recklessly!
You hit Harold but do no damage.
Harold is moderately wounded.
Harold is engulfed in a cloud of scalding steam.
Harold hits you with a +0 halberd.
You hit Harold.
Harold is heavily wounded.
Harold is engulfed in a cloud of scalding steam.
Harold hits you with a +0 halberd!!
* * * LOW HITPOINT WARNING * * *
Harold is engulfed in a cloud of scalding steam.
Harold barely misses you.
You hit Harold.
Harold is almost dead.
Harold is engulfed in a cloud of scalding steam.
Harold barely misses you.
You hit Harold.
Harold is almost dead.
Harold hits you with a +0 halberd!
* * * LOW HITPOINT WARNING * * *
You barely miss Harold.
Harold is almost dead.
You have got your breath back.
Harold hits you with a +0 halberd!!
You die...

##. .. ...... ..
#..... #.#
#..... #..# #
#..... ..##...
#.....####@.!..#
#.....#..@....#
#.....##....#
#..#......#### #
##.##.## #.##.#
#..#.# ###
##.#.#
...###...#
#......##


You could see Harold.

Vanquished Creatures
  A hornet (D:7)
  2 steam dragons (D:6)
  A water moccasin (Sewer)
  A black bear (D:6)
  2 ogres (D:6)
  A necrophage (D:6)
  A phantom (D:6)
  2 bullfrogs
  A wyvern skeleton (D:6)
  A howler monkey (D:5)
  A bullfrog zombie (D:5)
  A centaur zombie (D:7)
  A hound (D:5)
  A jelly (D:6)
  A gnoll shaman (D:6)
  An orc priest (D:4)
  Jessica (D:3)
  3 iguanas
  2 killer bee zombies
  A hound zombie (D:5)
  A scorpion simulacrum (D:3)
  2 hound skeletons (D:4)
  4 gnolls (D:6)
  A howler monkey skeleton (D:7)
  6 adders
  A hound simulacrum (D:3)
  2 white imps
  2 ufetubi
  A worm (D:3)
  3 dart slugs
  An adder simulacrum (D:3)
  11 orcs
  13 endoplasms
  4 giant cockroaches
  5 goblins
  12 hobgoblins
  2 jackals (Sewer)
  11 kobolds
  6 quokkas
  6 ball pythons
  3 bats
  3 frilled lizards
  7 rats
133 creatures vanquished.

Vanquished Creatures (others)
  66 foxfires
  5 fungi (D:6)
71 creatures vanquished.

Grand Total: 204 creatures vanquished

Notes
Turn   | Place    | Note
-------+----------+-------------------------------------------
     0 | D:1      | Lekart the Draconian Cinder Acolyte began the quest for the
                  | Orb.
     0 | D:1      | Reached XP level 1. HP: 19/19 MP: 2/2
   391 | D:1      | Reached XP level 2. HP: 25/26 MP: 3/3
   793 | D:1      | Found a faded altar of an unknown god.
   873 | D:1      | Reached XP level 3. HP: 30/31 MP: 4/4
  1422 | D:2      | Reached skill level 1 in Dodging
  1989 | D:3      | Found a runed translucent gate.
  1990 | D:3      | Found Riergh's Distillery.
  1991 | D:3      | Found a runed translucent gate.
  1991 | D:3      | Found a runed translucent gate.
  2094 | D:3      | Reached XP level 4. HP: 17/40 MP: 5/5
  2726 | D:3      | Noticed Jessica
  2741 | D:3      | Killed Jessica
  3182 | D:3      | Noticed Xplodonator's ghost (amateur MiBe)
  3500 | D:4      | Identified a scroll of acquirement
  3500 | D:4      | Acquired 901 gold pieces
  3521 | D:4      | Reached XP level 5. HP: 15/46 MP: 6/6
  3555 | D:4      | Found a glowing drain.
  3567 | Sewer    | Entered a sewer
  3794 | Sewer    | Noticed a water moccasin
  3799 | Sewer    | Killed a water moccasin
  3800 | Sewer    | Reached skill level 5 in Long Blades
  3800 | Sewer    | Reached XP level 6. HP: 52/52 MP: 7/7
  4653 | D:5      | Entered Level 5 of the Dungeon
  4850 | D:5      | Reached skill level 1 in Evocations
  5102 | D:5      | Your scales start taking on a pale cyan-grey colour.
  5102 | D:5      | Reached XP level 7. HP: 59/60 MP: 8/8
  5102 | D:5      | Gained mutation: You are immune to the effects of steam.
                  | [Pale Draconian growth]
  5126 | D:5      | Found Awinapp's General Store.
  5133 | D:5      | Bought a +4 vorpal war axe for 326 gold pieces
  5273 | D:5      | Found a staircase to the Ecumenical Temple.
  5496 | D:6      | Reached skill level 5 in Fighting
  5496 | D:6      | Reached skill level 1 in Axes
  6053 | D:6      | Reached XP level 8. HP: 30/69 MP: 9/9
  6918 | D:7      | Reached skill level 5 in Axes
  6960 | D:7      | Noticed a hornet
  6967 | D:7      | Paralysed by a hornet for 2 turns
  6967 | D:7      | Killed a hornet
  7347 | D:7      | Noticed Harold
  7361 | D:7      | Mangled by Harold

Illustrated notes

Levels and vault maps discovered:
D:1:      lemuel_arrival_muddy, layout_basic, hellmonk_ecumenical_altar_blasted
D:2:      minmay_angry_zag, layout_basic
D:3:      layout_loops_ring, serial_shops, nicolae_shop_waterfront,
          gammafunk_ghost_icy, uniq_jessica
D:4:      layout_loops_cross, cheibrodos_sewer_entry_drain
D:5:      layout_basic, minmay_temple_entry_fiery, serial_shops, shop_fountains,
          minmay_strange_pillars
D:6:      kennysheep_steamy, layout_basic
D:7:      minmay_bubble_buster, layout_rooms, kennysheep_slug_shrine,
          uniq_harold

Skill      XL: |  1  2  3  4  5  6  7  8 |
---------------+-------------------------+-----
Dodging        | 1 2 4 |  4.7
Long Blades    | 4 5 6 |  6.7
Fighting       | 4 5 6 |  6.3
Evocations     | 1 |  1.5
Axes           | 3 5 |  5.8
Spellcasting   | |  1.0
Fire Magic     | |  3.7

Action                   |  1- 3 |  4- 6 |  7- 9 || total
-------------------------+-------+-------+-------++-------
Melee: Falchion          |   135 |   157 |       ||   292
       Tailslap          |    10 |    21 |    11 ||    42
       War axe           |       |       |    79 ||    79
Invok: Foxfire Swarm     |     1 |     3 |     1 ||     5
       Sea of Fire       |       |     2 |       ||     2
       Rising Flame      |       |     1 |       ||     1
 Abil: Breathe Steam     |       |       |     4 ||     4
Evoke: Wand              |       |    10 |       ||    10
  Use: Scroll            |       |     8 |       ||     8
 Stab: Sleeping          |       |     1 |       ||     1
Armor: Skin              |    41 |    53 |    25 ||   119
Dodge: Dodged            |    83 |   112 |    87 ||   282

Table legend: (Time is in decaauts)
 A = Elapsed time spent in this place.
 B = Non-inter-level travel time spent in this place.
 C = Inter-level travel time spent in this place.
 D = Time resting spent in this place.
 E = Time spent auto-exploring this place.
 F = Levels seen in this place.
 G = Mean time per level.
                   A        B        C        D        E       F      G
               +--------+--------+--------+--------+--------+-----+--------+
         Total |   7448 |   7292 |    156 |   1592 |   4660 |   8 |  931.0 |
       Dungeon |   7151 |   6995 |    156 |   1421 |   4616 |   7 | 1021.6 |
         Sewer |    296 |    296 |      0 |    171 |     44 |   1 |  296.0 |
               +--------+--------+--------+--------+--------+-----+--------+

Top non-repeatable levels by time:
     D:3: 1559 daAuts
     D:6: 1301 daAuts
     D:2: 1009 daAuts
     D:1: 953 daAuts
     D:5: 901 daAuts
     D:4: 887 daAuts
     D:7: 538 daAuts
   Sewer: 296 daAuts
